 Dungeon Crawl Stone Soup version 0.28-a0-536-g4f1c8046e5 (webtiles) character file.

Game seed: 6935856821496529053

35 Keckonius the Chopper (level 3, 0/33 HPs)
             Began as a Minotaur Berserker on Sept 27, 2021.
             Was a Follower of Trog.
             Slain by Sigmund (11 damage)
             ... on level 2 of the Dungeon.
             The game lasted 00:05:48 (1094 turns).

Keckonius the Chopper (Minotaur Berserker)          Turns: 1094, Time: 00:05:48

Health: 0/33       AC:  9    Str: 22    XL:     3   Next: 17%
Magic:  2/2        EV:  3    Int:  4    God:    Trog [*.....]
Gold:   39         SH:  9    Dex:  9    Spells: 2/2 levels left

rFire   . . .      SeeInvis .   a - +0 hand axe
rCold   . . .      Faith    .   l - +0 tower shield
rNeg    . . .      Spirit   .   m - +0 chain mail
rPois   .          Reflect  .   (helmet restricted)
rElec   .          Harm     .   (no cloak)
rCorr   .          Rampage  .   (no gloves)
Will    .....                   (no boots)
Stlth   ..........              (no amulet)
HPRegen 0.11/turn               (no ring)
MPRegen 0.08/turn               (no ring)

@: no status effects
A: horns 2, retaliatory headbutt
a: Renounce Religion, Berserk


You were on level 2 of the Dungeon.
You worshipped Trog.
Trog was aware of your devotion.
You visited 1 branch of the dungeon, and saw 2 of its levels.

You collected 39 gold pieces.

Inventory:

Hand Weapons
 a - a +0 hand axe (weapon)
 f - a +0 antimagic short sword
Armour
 b - a +0 animal skin
 k - a +0 ring mail
 l - a +0 tower shield (worn)
 m - a +0 chain mail (worn)
Jewellery
 c - a ring of magical power
Scrolls
 d - a scroll of identify {unknown}
 e - a scroll of fear {unknown}
 g - 2 scrolls of teleportation {unknown}
 h - a scroll of brand weapon {unknown}
Potions
 j - a potion of flight {unknown}


   Skills:
 + Level 4.0 Fighting
 * Level 4.2 Axes
 + Level 3.0 Armour
 + Level 2.5 Dodging
 - Level 0.3 Stealth


You had 2 spell levels left.
You didn't know any spells.
Your spell library contained the following spells:

 Spells                   Type           Power      Damage    Failure   Level
 Sting                    Tmut/Pois      0%         1d3       100%        1
 Poisonous Vapours        Pois/Air       0%         N/A       100%        2
 Olgreb's Toxic Radiance  Pois           0%         N/A       100%        4


Dungeon Overview and Level Annotations

Branches:
Dungeon (2/15)

Altars:

Annotations:
D:2 Sigmund


Innate Abilities, Weirdness & Mutations

You have a pair of horns on your head.
You reflexively headbutt those who attack you in melee.


Message History

You feel the effects of Trog's Hand fading.
Something hits you but does no damage.
You hear some strange, mumbled words.
A puff of flame appears from out of thin air!
The puff of flame hits you but does no damage.
You closely miss something. Your headbutt misses something. Something hits you.
You closely miss something. Something hits you!
You hit something. Something hits you but does no damage.
You miss something. You headbutt something.
Your skin stops crawling.
You feel less strong-willed. Something hits you.
You hit something but do no damage. Your headbutt misses something.
You hear some strange, mumbled words.
You are confused.
Okay, then.
Something hits you but does no damage. Something hits you but does no damage.
Something hits you.
You completely miss something. Your headbutt misses something.
You hear some strange, mumbled words.
You are more confused.
You bump into the rock wall.
Something hits you!
* * * LOW HITPOINT WARNING * * *
You barely miss something. Your headbutt misses something. Something hits you.
* * * LOW HITPOINT WARNING * * *
It was a potion of heal wounds.
You feel much better. Something hits you but does no damage.
Something hits you.
You're too confused to move!
Something hits you but does no damage.
You bump into the rock wall.
You feel less confused. Something hits you!
You closely miss something. You headbutt something.
Something hits you but does no damage.
You miss something. Something hits you.
You hit something but do no damage. Your headbutt misses something.
Something hits you but does no damage.
You miss something. Something hits you!
You die...

###....###.#.............
#.....####.........#.....
#...#..#.........######..
##...##.>.................
..... ##......#...........
#.##..#
#..#######...##....
#...#..###.## ###....†..
##.........# ####†...
#.......#@.###### #†##.
.........{........ #.##.
.................. ##.##.
....$............. ##.....
...................#....##
........................#
#...#.............#.....##
#####.##..........#.......
#. ########..#..#...#.


There were no monsters in sight!

Vanquished Creatures
  An adder (D:2)
  A worm (D:2)
  2 endoplasms (D:1)
  2 giant cockroaches
  4 jackals (D:2)
  A ball python (D:2)
  2 bats (D:1)
  A frilled lizard (D:2)
  4 goblins
  3 kobolds
  3 rats
24 creatures vanquished.

Notes
Turn   | Place    | Note
-------+----------+-------------------------------------------
     0 | D:1      | Keckonius the Minotaur Berserker began the quest for the
                  | Orb.
     0 | D:1      | Reached XP level 1. HP: 19/19 MP: 0/0
   179 | D:1      | Noticed an eye of devastation
   184 | D:1      | Found a faded altar of an unknown god.
   185 | D:1      | Noticed a shining eye
   185 | D:1      | Noticed a shining eye
   185 | D:1      | Noticed a floating eye
   343 | D:1      | Reached XP level 2. HP: 27/27 MP: 1/1
   943 | D:2      | Reached ** piety under Trog
   956 | D:2      | Reached XP level 3. HP: 26/33 MP: 2/2
  1064 | D:2      | Noticed Sigmund
  1094 | D:2      | Slain by Sigmund

Illustrated notes

Levels and vault maps discovered:
D:1:      dpeg_arrival_long_road, layout_loops_corners,
          hellmonk_ecumenical_altar_watching_god
D:2:      layout_rooms, uniq_sigmund, uniq_crazy_yiuf_cottage

Skill      XL: |  1  2 |
---------------+-------+-----
Fighting       | 4 |  4.0
Axes           | 4 |  4.2
Armour         | 3 |  3.0
Dodging        | |  2.5
Stealth        | |  0.3

Action                   || total
-------------------------++-------
Melee: Hand axe          ||    63
       Headbutt          ||     9
Invok: Berserk           ||     1
       Trog's Hand       ||     1
  Use: Potion            ||     1
Armor: Animal skin       ||     2
       Ring mail         ||     6
       Chain mail        ||    12
Dodge: Dodged            ||    24
Block: Tower shield      ||     1

Table legend: (Time is in decaauts)
 A = Elapsed time spent in this place.
 B = Non-inter-level travel time spent in this place.
 C = Inter-level travel time spent in this place.
 D = Time resting spent in this place.
 E = Time spent auto-exploring this place.
 F = Levels seen in this place.
 G = Mean time per level.
                   A        B        C        D        E       F      G
               +--------+--------+--------+--------+--------+-----+--------+
         Total |   1115 |   1077 |     38 |      0 |    777 |   2 |  557.5 |
       Dungeon |   1115 |   1077 |     38 |      0 |    777 |   2 |  557.5 |
               +--------+--------+--------+--------+--------+-----+--------+

Top non-repeatable levels by time:
     D:1: 852 daAuts
     D:2: 263 daAuts
